 Dungeon Crawl Stone Soup version 0.30-a0-457-g4b7bca3bfa (webtiles) character file.

Game seed: 2756255490810312282

14 Strat the Cudgeller (level 2, -1/24 HPs)
             Began as a Meteoran Reaver on Dec 13, 2022.
             Slain by an orc
             ... wielding a +0 hand axe
              (5 damage)
             ... on level 2 of the Dungeon.
             The game lasted 00:01:45 (441 turns).

Strat the Cudgeller (Meteoran Reaver)                Turns: 441, Time: 00:01:45

Health: -1/24      AC:  3    Str: 13    XL:     2   Next: 82%
Magic:  6/6        EV: 12    Int: 14    God:
Gold:   66         SH:  0    Dex: 12    Spells: 3/6 levels left

rFire   . . .      SeeInvis .    a - +0 morningstar
rCold   . . .      Faith    .    (no shield)
rNeg    . . .      Spirit   .    b - +0 leather armour
rPois   .          Reflect  .    (no helmet)
rElec   .          Harm     .    (no cloak)
rCorr   .          Rampage  .    (no gloves)
Will    .....                    (no boots)
Stlth   +.........               (no amulet)
HPRegen 0.24/turn                (no ring)
MPRegen 0.10/turn                (no ring)

@: glowing
A: sense surroundings 1, otherworldly, glowing, explore regen
a: no special abilities


You were on level 2 of the Dungeon.
You visited 1 branch of the dungeon, and saw 2 of its levels.

You collected 66 gold pieces.

Inventory:

Hand Weapons
 a - a +0 morningstar (weapon)
 j - a +0 mace
Missiles
 l - 6 poisoned darts
Armour
 b - a +0 leather armour (worn)
Scrolls
 c - a scroll of enchant armour {unknown}
 d - 2 scrolls of identify {unknown}
 e - a scroll of immolation {unknown}
 f - a scroll of teleportation {unknown}
 h - a scroll of amnesia {unknown}
 k - a scroll of blinking {unknown}
Potions
 g - a potion of haste {unknown}
 i - a potion of curing {unknown}


   Skills:
 - Level 2.1 Fighting
 + Level 5.1 Maces & Flails
 - Level 2.4 Dodging
 - Level 2.6 Spellcasting
 - Level 3.6 Conjurations


You had 3 spell levels left.
You knew the following spells:

 Your Spells              Type           Power      Damage    Failure   Level
a - Kiss of Death         Conj/Necr      24%        2d7       14%         1
b - Momentum Strike       Conj/Tloc      12%        3d8       21%         2

Your spell library contained the following spells:

 Spells                   Type           Power      Damage    Failure   Level
 Hailstorm                Conj/Ice       6%         3d4       38%         3


Dungeon Overview and Level Annotations

Branches:
Dungeon (2/15) Zot: 749

Altars:


Innate Abilities, Weirdness & Mutations

You passively map a small area around you.
You are easily found by Zot.
You glow in the dark.
You regain HP and MP as you explore.


Message History

You kill the hobgoblin!
Your Maces & Flails skill increases to level 5!
You sock the goblin!
You kill the goblin!
You barely miss the goblin. The goblin hits you with a +0 club.
The goblin hits you but does no damage.
You thump the goblin!
You kill the goblin!
Items here: ))) †††.
Found a stone staircase leading up.
An orc comes into view. It is wielding a +0 falchion.
The orc shouts!
An orc priest comes into view. It is wielding a +0 flail.
An orc comes into view. It is wielding a +0 hand axe.
The orc shouts!
There is a stone staircase leading up here.
You closely miss the orc. The orc barely misses you.
You hit the orc.
The orc is lightly wounded.
The orc hits you but does no damage.
You closely miss the orc.
The orc is lightly wounded.
The orc hits you with a +0 falchion. The orc hits you with a +0 hand axe.
You closely miss the orc.
The orc is lightly wounded.
The orc closely misses you. The orc hits you with a +0 hand axe.
* * * LOW HITPOINT WARNING * * *
The orc hits you with a +0 hand axe.
* * * LOW HITPOINT WARNING * * *
The orc hits you with a +0 falchion.
* * * LOW HITPOINT WARNING * * *
You closely miss the orc.
The orc is lightly wounded.
The orc barely misses you. The orc misses you.
You hit the orc.
The orc is heavily wounded.
The orc hits you with a +0 falchion!
* * * LOW HITPOINT WARNING * * *
The orc hits you with a +0 hand axe.
You die...

# , #.. ..# # , ... #.#
#.# # ... #.# #.# # *
...* #.# #.# .# #####
*#.#* #.###.#.# ##..,
#.######.##...# * ##.# *
#.#..........## ,
##.######.#.####o##...#
.......##..#.###@###.#.#,
.#.###....###..o<#
#.##.#**
.....).....#.##### #..
... ##<########.# , ....
... #.# #.# * ....,o.,
#.., , #.#* * , ... ,
#### ##g## * , ***> #.g.#
* , , #..$....# *


You could see 2 orcs.

Vanquished Creatures
  A dart slug (D:1)
  A worm (D:2)
  A ball python (D:1)
  4 goblins
  A hobgoblin (D:2)
  A frilled lizard (D:1)
  A rat (D:1)
10 creatures vanquished.

Notes
Turn   | Place    | Note
-------+----------+-------------------------------------------
     0 | D:1      | Strat the Meteoran Reaver began the quest for the Orb.
     0 | D:1      | Reached XP level 1. HP: 17/17 MP: 5/5
     6 | D:1      | Noticed a scorpion
     6 | D:1      | Noticed a salamander
     7 | D:1      | Noticed a black bear
    66 | D:1      | Reached XP level 2. HP: 21/24 MP: 6/6
    77 | D:1      | Learned a level 2 spell: Momentum Strike
   408 | D:2      | Reached skill level 5 in Maces & Flails
   441 | D:2      | Slain by an orc

Illustrated notes

Levels and vault maps discovered:
D:1:      onia_arrival_zoo_common, layout_basic,
          ebering_ecumenical_altar_sacrificial
D:2:      layout_loops_ring, serial_shops, shop, uniq_robin

Skill      XL: |  1  2 |
---------------+-------+-----
Maces & Flails | 5 |  5.1
Fighting       | |  2.1
Dodging        | |  2.4
Spellcasting   | |  2.6
Conjurations   | |  3.6

Action                   || total
-------------------------++-------
Melee: Mace              ||    21
       Morningstar       ||    21
Armor: Leather armour    ||     8
Dodge: Dodged            ||    20

Table legend: (Time is in decaauts)
 A = Elapsed time spent in this place.
 B = Non-inter-level travel time spent in this place.
 C = Inter-level travel time spent in this place.
 D = Time resting spent in this place.
 E = Time spent auto-exploring this place.
 F = Levels seen in this place.
 G = Mean time per level.
                   A        B        C        D        E       F      G
               +--------+--------+--------+--------+--------+-----+--------+
         Total |    449 |    413 |     36 |      0 |     49 |   2 |  224.5 |
       Dungeon |    449 |    413 |     36 |      0 |     49 |   2 |  224.5 |
               +--------+--------+--------+--------+--------+-----+--------+

Top non-repeatable levels by time:
     D:1: 326 daAuts
     D:2: 122 daAuts
